 Dungeon Crawl Stone Soup version 0.18.1-48-g4cf74bf (webtiles) character file.

65 Nadrilmar the Conjurer (level 3, -1/19 HPs)
             Began as a Deep Elf Conjurer on Sept 3, 2016.
             Slain by a jackal (2 damage)
             ... on level 2 of the Dungeon.
             The game lasted 00:09:35 (2044 turns).

Nadrilmar the Conjurer (Deep Elf Conjurer)          Turns: 2044, Time: 00:09:35

Health: -1/19      AC:  2    Str:  8    XL:     3   Next: 92%
Magic:  8/10       EV: 13    Int: 20    God:
Gold:   60         SH:  0    Dex: 15    Spells: 3 memorised, 3 levels left

rFire  . . .     SeeInvis .     c - +0 dagger
rCold  . . .     Gourm    .     a - +0 robe
rNeg   . . .     Faith    .     (no shield)
rPois  .         Spirit   .     (no helmet)
rElec  .         Dismiss  .     (no cloak)
rCorr  .         Reflect  .     (no gloves)
SustAt .         Harm     .     (no boots)
MR     .....                    (no amulet)
Stlth  ++........               (no ring)
                                i - +3 ring of strength

@: not resistant to hostile enchantments, unstealthy
A: no striking features
a: no special abilities


You were on level 2 of the Dungeon.
You were not hungry.

You visited 1 branch of the dungeon, and saw 2 of its levels.

You collected 60 gold pieces.

Inventory:

Hand Weapons
 c - a +0 dagger (weapon)
Armour
 a - a +0 robe (worn)
Jewellery
 i - a +3 ring of strength (left hand)
 k - an uncursed ring of stealth {unknown}
Wands
 j - a wand of paralysis (12/24) (quivered)
Scrolls
 d - a scroll of identify
 f - a scroll of enchant armour {unknown}
 g - a scroll of enchant weapon {unknown}
Potions
 e - 2 potions of curing
Books
 b - a book of Conjurations

   Spells                             Type                      Level
   a - Magic Dart                     Conjuration                  1
   b - Searing Ray                    Conjuration                  2
   c - Dazzling Spray                 Conjuration/Hexes            3
   d - Fulminant Prism                Conjuration/Hexes            4
   e - Iskenderun's Mystic Blast      Conjuration                  4
   f - Iskenderun's Battlesphere      Conjuration/Charms           5
Comestibles
 h - a beef jerky


   Skills:
 + Level 2.8 Dodging
 + Level 2.4 Stealth
 + Level 3.8 Spellcasting
 + Level 5.5 Conjurations


You had 3 spell levels left.
You knew the following spells:

 Your Spells              Type           Power        Failure   Level  Hunger
a - Magic Dart            Conj           ####         1%          1    None
b - Searing Ray           Conj           ####..       1%          2    ##.....
c - Dazzling Spray        Conj/Hex       ##....       14%         3    ###....


Dungeon Overview and Level Annotations

Branches:
Dungeon (2/15)

Altars:


Message History

A hobgoblin comes into view. It is wielding a club.
The jackal bites you. The giant gecko bites you.
A giant cockroach comes into view.
The jackal misses you.
The giant gecko hisses menacingly.
The giant gecko closely misses you. The jackal barely misses you.
The jackal barks!
The giant gecko closely misses you. The jackal closely misses you.
The jackal barely misses you. The jackal barely misses you.
The giant gecko closely misses you. The jackal misses you.
The jackal closely misses you. The jackal barely misses you.
The giant gecko closely misses you. The jackal misses you.
The giant gecko bites you.
* * * LOW HITPOINT WARNING * * *
The jackal closely misses you. The jackal misses you.
The jackal barely misses you. The giant gecko bites you.
* * * LOW HITPOINT WARNING * * *
The jackal misses you. x2; The giant gecko barely misses you.
The jackal bites you.
You die...

... ... ## ...## #. ...#
#. ..# #. #.#.##### #.##
#.
.....gh@##########..###.
#..(.slh................
###g..h##.#.......#..##.
#.#.. #.#.......##.##.
#..... #.#.......##.##.
....... ..#.......##.##.
######. ############..##
.. ####.## #......


You could see a giant gecko, 3 jackals, a giant cockroach and 2 hobgoblins.

Vanquished Creatures
  2 adders (D:2)
  An ooze (D:2)
  2 worms
  2 dart slugs
  A giant gecko (D:1)
  An orc (D:2)
  A bat (D:1)
  3 giant cockroaches
  6 goblins
  3 hobgoblins (D:2)
  2 giant newts (D:2)
  4 kobolds
  2 rats
30 creatures vanquished.

Notes
Turn   | Place    | Note
--------------------------------------------------------------
     0 | D:1      | Nadrilmar the Deep Elf Conjurer began the quest for the Orb.
     0 | D:1      | Reached XP level 1. HP: 10/10 MP: 6/6
   145 | D:1      | Reached XP level 2. HP: 14/15 MP: 5/8
   149 | D:1      | Learned a level 2 spell: Searing Ray
   906 | D:2      | Reached skill level 5 in Conjurations
  1023 | D:2      | Reached XP level 3. HP: 13/19 MP: 6/10
  1111 | D:2      | Learned a level 3 spell: Dazzling Spray
  2044 | D:2      | Slain by a jackal

Skill      XL: |  1  2 |
---------------+-------+-----
Conjurations   | 5 |  5.5
Dodging        | |  2.8
Stealth        | |  2.4
Spellcasting   | |  3.8

Action                   || total
-------------------------++-------
 Cast: Magic Dart        ||    86
       Searing Ray       ||     1
  Use: Scroll            ||     1
  Eat: Bread ration      ||     1
Armor: Robe              ||     4
Dodge: Dodged            ||    37
